[Event "*** Titled Tuesday Blitz"]
[Site "Chess.com"]
[Date "2021.02.02"]
[Round "9"]
[White "bogcsab"]
[Black "Kotofeyca"]
[Result "0-1"]
[WhiteElo "2184"]
[BlackElo "2402"]
[TimeControl "180+1"]
[EndTime "11:47:28 PST"]
[Termination "Kotofeyca won on time"]

1. d4 d5 2. Nf3 c6 3. g3 Bg4 4. Bg2 Nd7 5. O-O e6 6. Nbd2 Ngf6 7. b3 Bd6 8. Bb2 Qe7 9. Ne5 Bh5 10. c4 O-O 11. f3 Ba3 12. Qc2 Nxe5 13. dxe5 Nd7 14. e4 dxe4 15. Nxe4 Bg6 16. Rae1 Bb4 17. Re2 Nc5 18. f4 Rfd8 19. Bc3 Bxc3 20. Qxc3 Rd3 21. Qb4 Bxe4 22. Bxe4 a5 23. Qa3 Rd4 24. Bb1 Kf8 25. f5 exf5 26. Bxf5 a4 27. e6 Nxe6 28. Qxe7+ Kxe7 29.
Bxe6 fxe6 30. Rfe1 Rd6 31. c5 Rd7 32. Rxe6+ Kf7 33.
R6e3 axb3 34. axb3 Ra5 35. Rf3+ Kg6 36. Re6+ Kg5 37.
h4+ Kh5 38. Kg2 g6 39. Re5+ Kh6 40. Kh3 Kg7 41. g4 Rf7 42. Rfe3 Rb5 43. h5 b6 44. hxg6 hxg6 45. cxb6 Rxb6 46. Kh4 Rfb7 47. Kg5 Rb5 48. b4 Rxe5+ 49. Rxe5 Rxb4 50. Re7+ Kf8 51. Rc7 Rc4 52. Kf6 Ke8 53. Kxg6 Rxg4+ 54. Kf5 Rc4 55. Ke5 Kd8 56. Rh7 Rc1 57. Kd6 Kc8 58. Rh8+ Kb7 59. Rh7+ Kb6 60. Rh5 Rd1+ 61. Ke6 c5 62. Rh2 Kb5 63. Rh8 c4 0-1

[Event "*** Titled Tuesday Blitz"]
[Site "Chess.com"]
[Date "2021.02.02"]
[Round "9"]
[White "doons21"]
[Black "Gmedmundo"]
[Result "1/2-1/2"]
[WhiteElo "2549"]
[BlackElo "2418"]
[TimeControl "180+1"]
[EndTime "11:47:35 PST"]
[Termination "Game drawn - insufficient material"]

1. e4 c5 2. c3 d5 3. exd5 Qxd5 4. d4 Nf6 5. Nf3 Nc6 6. Be2 cxd4 7. cxd4 Bf5 8. Nc3 Qa5 9. O-O e6 10. Bb5 Bb4 11. Qb3 O-O 12. Bxc6 bxc6 13. Qc4 Nd5 14. Bd2 Bxc3 15. Bxc3 Qb5 16. Qc5 Qxc5 17. dxc5 Rac8 18. Ba5 Bg6 19. Ne5 f6 20. Nc4 Bd3 21. Rfc1 Bxc4 22. Rxc4 e5 23. Bd2 Rf7 24. Kf1 Rb8 25.
b3 Rd7 26. Ke2 Kf7 27. h4 h5 28. Rac1 Ke6 29. Ra4 Nc7 30. Rcc4 Rbd8 31. Be1 Nb5 32. Ra6 Kf5 33. f3 Nd4+ 34. Kf2 Rd5 35. Bc3 Ne6 36.
Rxc6 Rd1 37. Rd6 R1xd6 38. cxd6 Rxd6 39. a4 Nf4 40. g3 Nd5 41. Bd2 Rd7 42. Ke2 Ke6 43.
b4 Nb6 44. Rc6+ Kd5 45. Rc5+ Ke6 46. a5 Nd5 47. b5 Rc7 48. Rxc7 Nxc7 49. b6 axb6 50. axb6 Na6 51. Kd3 Kd5 52. b7 f5 53.
Be3 Kc6 54. g4 hxg4 55. fxg4 fxg4 56. Ke4 Kxb7 57. Kxe5 Kc6 58. Kf5 Kd7 59. Kg6 Nc7 60.
Kxg7 Nd5 61. Bd4 Nf4 62. Kf6 g3 63. Kf5 Ne2 64. Be3 Ke7 65. h5 Kf7 66. Kg4 g2 67. Kf3 g1=Q 68. Bxg1 Nxg1+ 69. Kf4 Kg7 70. h6+ Kxh6 1/2-1/2

[Event "*** Titled Tuesday Blitz"]
[Site "Chess.com"]
[Date "2021.02.02"]
[Round "9"]
[White "frederiksvane"]
[Black "maximnovik"]
[Result "1/2-1/2"]
[WhiteElo "2749"]
[BlackElo "2567"]
[TimeControl "180+1"]
[EndTime "11:47:37 PST"]
[Termination "Game drawn - insufficient material"]

1. e4 c6 2. d4 d5 3. exd5 cxd5 4. Bd3 Nc6 5. c3 Nf6 6. Bf4 Bg4 7. Qb3 Qc8 8. Nd2 e6 9. Ngf3 Bh5 10. O-O Bg6 11. Bxg6 hxg6 12. Rae1 Be7 13. Ne5 Nh5 14. Be3 g5 15.
Ndf3 f6 16. Ng6 Rh6 17. Nxe7 Nxe7 18. h4 g4 19. Bxh6 gxf3 20. Bd2 fxg2 21. Kxg2 Kf7 22. Qd1 g6 23. Qg4 Nf5 24. Re2 Qd7 25. Rfe1 Nhg7 26.
Rh1 Rh8 27. Bf4 Rh5 28. Bg3 e5 29. Kg1 e4 30. f3 Qb5 31. Rhh2 Qd3 32. fxe4 Qxg3+ 33. Rhg2 Qxg4 34. Rxg4 dxe4 35. Rgxe4 Rxh4 36. Rxh4 Nxh4 37.
d5 Nhf5 38. c4 g5 39. c5 Ne7 40. d6 Nc6 41. b4 a6 42. a4 Nxb4 43. a5 Nc6 44.
Rb2 Nxa5 45. Rb6 Ne6 46. d7 Nd8 47. Kf2 Nac6 48. Kf3 Ke7 49. Ke4 Kxd7 50. Kf5 Ke7 51. Rb3 a5 52. Re3+ Kf7 53. Rd3 Ke7 54. Re3+ Ne5 55.
Rb3 Kd7 56. Ra3 Ndc6 57. Kxf6 Nc4 58. Rc3 N4e5 59. Kxg5 Nd4 60. Ra3 Kc6 61. Rxa5 Nb5 62. Ra3 Nc4 63. Rb3 Kxc5 64. Kf4 Nbd6 65. Rxb7 Ne5 66.
Kxe5 Nxb7 1/2-1/2

[Event "*** Titled Tuesday Blitz"]
[Site "Chess.com"]
[Date "2021.02.02"]
[Round "9"]
[White "BilodeauA"]
[Black "MITerryble"]
[Result "0-1"]
[WhiteElo "2872"]
[BlackElo "2941"]
[TimeControl "180+1"]
[EndTime "11:47:43 PST"]
[Termination "MITerryble won by checkmate"]

1. e4 g6 2. d4 Bg7 3. Nc3 c6 4. Nf3 d5 5. e5 Nh6 6. Bd3 f6 7.
exf6 exf6 8. O-O O-O 9. Ne2 Bf5 10. c4 Bxd3 11. Qxd3 Nf7 12. Nf4 dxc4 13. Qxc4 Qd7 14. Ne6 Re8 15. Re1 Na6 16. Bf4 g5 17. Bg3 Qd5 18.
Qxd5 cxd5 19. a3 Rac8 20. b4 h5 21. h3 Bf8 22. b5 Nb8 23. Nc7 Red8 24. a4 Bb4 25.
Re2 Ba5 26. Rc1 Bxc7 27. Rxc7 h4 28. Bh2 Rxc7 29. Bxc7 Rc8 30. Bxb8 Rxb8 31. Re7 Kf8 32. Rd7 Ke8 33. Rxd5 Rc8 34. Rc5 Rd8 35. Kf1 Nd6 36. Ke2 Kd7 37. Kd3 Re8 38. Rc2 a6 39. b6 Ke6 40. a5 Kd5 41. Rc5+ Ke6 42. Nd2 Re7 43. f3 Rd7 44. Ne4 Nb5 45. d5+ Ke5 46. Nc3 Nd6 47. Rc7 Rxc7 48. bxc7 Nc8 49. Ne4 Kxd5 50. Nxf6+ Kc6 51.
Ne4 Kxc7 52. Nxg5 b6 53. axb6+ Kxb6 54. f4 Ne7 55. Nf3 Nf5 56. Ke4 Ng3+ 57. Kd5 a5 58. Nxh4 Kb5 59. Nf3 a4 60. Nd4+ Kb4 61. f5 Nxf5 62.
Nxf5 a3 63. Nd4 a2 64. Nc2+ Kc3 65. Na1 Kb2 66. Kd4 Kxa1 67. Ke4 Kb1 68. Kf4 a1=Q 69. Kg4 Qg7+ 70. Kf3 Kc2 71. g4 Kd3 72. Kg3 Qe5+ 73.
Kh4 Ke4 74. g5 Kf4 75. g6 Qg5# 0-1

[Event "*** Titled Tuesday Blitz"]
[Site "Chess.com"]
[Date "2021.02.02"]
[Round "9"]
[White "AlexeiShirov"]
[Black "Msb2"]
[Result "1/2-1/2"]
[WhiteElo "2847"]
[BlackElo "2911"]
[TimeControl "180+1"]
[EndTime "11:47:52 PST"]
[Termination "Game drawn by repetition"]

1. e4 e6 2. d4 d5 3. e5 c5 4. c3 Qa5 5. a3 Nc6 6. Nf3 Bd7 7. Be2 cxd4 8. b4 Qb6 9. cxd4 Nge7 10.
Nc3 Nf5 11. Na4 Qd8 12. Bg5 Be7 13. Bxe7 Ncxe7 14. Nc5 b6 15. Nd3 Ng6 16. g3 O-O 17. h4 f6 18. h5 Nh8 19. exf6 Qxf6 20. Nde5 Qe7 21. O-O Be8 22. Nh2 Nf7 23. Nhg4 N7d6 24. h6 gxh6 25. Qc1 Qg7 26. Qb2 h5 27. Nh2 Ne4 28. Bd3 Nfd6 29. Bxe4 Nxe4 30. Nhf3 h4 31. Nxh4 Bb5 32. Ng2 Bxf1 33. Rxf1 Rac8 34. Qe2 Rc3 35. g4 Qc7 36. Ne3 Ng5 37. Kh2 Nf7 38. f4 Nxe5 39. dxe5 d4 40. Ng2 Rc2 41. Qe4 Qc6 42. Qxc6 Rxc6 43. Rd1 Rd8 44. Ne1 d3 45. Rxd3 Rxd3 46. Nxd3 Rc2+ 47. Kg1 Rc3 48. Nf2 Rxa3 49. Ne4 a5 50. bxa5 bxa5 51. f5 exf5 52. gxf5 Re3 53. Nf6+ Kf7 54. Nd7 a4 55. Kf2 a3 56. Kxe3 a2 57.
e6+ Ke7 58. f6+ Kxe6 59. Nc5+ Kxf6 60. Nb3 Ke5 61. Kd2 h5 62. Kc2 h4 63. Kb2 Ke4 64. Nd2+ Ke3 65. Nf1+ Kf2 66. Nh2 Kg2 67. Ng4 Kg3 68.
Ne3 Kf3 69. Nf1 Kg2 70. Ne3+ Kf2 71. Ng4+ Kg3 72. Ne3 h3 73. Kxa2 Kf3 74. Nf1 Kf2 75.
Nh2 Kg3 76. Nf1+ Kg2 77. Ne3+ Kg3 78. Nf1+ Kf2 79. Nh2 Kg3 80. Nf1+ 1/2-1/2

[Event "*** Titled Tuesday Blitz"]
[Site "Chess.com"]
[Date "2021.02.02"]
[Round "9"]
[White "Coiote53"]
[Black "szachuspl"]
[Result "0-1"]
[WhiteElo "2359"]
[BlackElo "2532"]
[TimeControl "180+1"]
[EndTime "11:47:56 PST"]
[Termination "szachuspl won by resignation"]

1. e4 c5 2. Nf3 e6 3. d4 cxd4 4.
Nxd4 Nf6 5. Nc3 Nc6 6. Ndb5 Bb4 7. a3 Bxc3+ 8. Nxc3 d5 9. exd5 Nxd5 10. Nxd5 exd5 11. Bd3 Qe7+ 12. Qe2 Qxe2+ 13. Bxe2 Bf5 14. c3 O-O-O 15.
Be3 d4 16. cxd4 Nxd4 17. Bxd4 Rxd4 18. Rd1 Rxd1+ 19. Bxd1 Rd8 20. Bf3 Rd3 21. Ke2 Rb3 22. Rc1+ Kb8 23. Rc3 Rxb2+ 24. Ke3 Be6 25. Be4 h6 26.
Bc2 a6 27. h4 Rb5 28. f4 Bd7 29. Be4 Rb6 30. g3 Bc6 31. Rd3 Bxe4 32. Kxe4 Kc7 33.
g4 Rd6 34. Rb3 b5 35. h5 Kb6 36. g5 a5 37. Ke5 Re6+ 38. Kd5 Re1 39. Rh3 hxg5 40.
fxg5 Rg1 41. h6 Rxg5+ 42. Kd4 gxh6 43. Rxh6+ Rg6 44. Rh7 Rf6 45. Kd5 Rf3 46. Rh8 Rxa3 47. Rb8+ Ka6 48. Rf8 Rf3 49. Kc6 Rf6+ 50. Kc5 a4 51. Kb4 Rf4+ 52. Ka3 Kb6 53. Rb8+ Kc6 54. Rc8+ Kd7 55. Rb8 Rf5 56. Rb7+ Ke6 57. Rb6+ Ke7 58. Rb7+ Kf8 59. Ra7 Kg7 60. Ra8 Rd5 61. Kb4 Kg6 62. Rg8+ Kf5 63. Rg1 Ke6 64. Re1+ Re5 65. Rc1 f5 66.
Rc8 f4 67. Re8+ Kf5 68. Rf8+ Ke4 69. Rh8 Ke3 70. Kc3 f3 71. Rh3 Ke2 72. Rh1 f2 73.
Kb4 f1=Q 74. Rh2+ Qf2 75. Rh3 Qe1+ 76. Ka3 Qc3+ 77. Rxc3 Re3 78. Ka2 Rxc3 79. Kb2 Rc4 0-1

[Event "*** Titled Tuesday Blitz"]
[Site "Chess.com"]
[Date "2021.02.02"]
[Round "9"]
[White "PavelChernomordik"]
[Black "Nozdrachev_Leonid"]
[Result "0-1"]
[WhiteElo "2384"]
[BlackElo "2528"]
[TimeControl "180+1"]
[EndTime "11:47:58 PST"]
[Termination "Nozdrachev_Leonid won on time"]

1. e4 d6 2. d4 Nf6 3. Nc3 e5 4. Nf3 Nbd7 5. h3 Be7 6. Be3 O-O 7. Qd2 c6 8. Bd3 b5 9. a3 Bb7 10. O-O a5 11. Nh4 b4 12. axb4 axb4 13. Ne2 exd4 14. Nxd4 c5 15. Nb5 Nxe4 16. Bxe4 Bxe4 17. Nxd6 Rxa1 18.
Rxa1 Bxd6 19. Qxd6 Bxc2 20. Bxc5 Nxc5 21. Qxc5 b3 22.
Nf3 Qf6 23. Qd4 Rd8 24. Qxf6 gxf6 25. Kf1 Be4 26. Ke2 Bxf3+ 27. gxf3 Rc8 28. Rd1 Kg7 29. Rd3 Rc2+ 30. Rd2 Rc1 31. Rd3 Rc2+ 32. Rd2 Rc4 33. Rd3 Rb4 34. Ke3 Kg6 35. Rd4 Rb5 36. Kf4 Rf5+ 37.
Kg3 Rc5 38. Rd3 Rb5 39. h4 Rb4 40. Rd5 h5 41. Rc5 Rd4 42. Rc3 Rb4 43. Rc5 f5 44. f4 Kf6 45. Rc3 Ke6 46. Re3+ Kd6 47. Re5 Rd4 48.
Rb5 Rd3+ 49. f3 Ke6 50. Re5+ Kf6 51. Rb5 Ke7 52. Rxf5 Rd2 53. Rxh5 Rxb2 54. Rb5 Kf6 55. h5 Kg7 56. Kg4 Rg2+ 57. Kf5 Rh2 58. Kg5 Rg2+ 59. Kf5 b2 60. Rb6 Rh2 61. Kg4 Rg2+ 62. Kh3 Rc2 63. Kg4 Rd2 64. Kg5 Rg2+ 65. Kf5 Rh2 66. h6+ Kh7 67.
Kg5 Rg2+ 68. Kf5 Rh2 69. Kg5 Rg2+ 70. Kf5 f6 0-1

[Event "*** Titled Tuesday Blitz"]
[Site "Chess.com"]
[Date "2021.02.02"]
[Round "9"]
[White "ShapkinAnatoliy"]
[Black "ural58"]
[Result "1-0"]
[WhiteElo "2632"]
[BlackElo "2482"]
[TimeControl "180+1"]
[EndTime "11:48:07 PST"]
[Termination "ShapkinAnatoliy won on time"]

1. d4 d5 2. c4 e5 3. dxe5 d4 4. Nf3 Nc6 5. a3 g6 6. e3 Bg4 7. Be2 Bxf3 8. Bxf3 Nge7 9. exd4 Qxd4 10. O-O Bg7 11.
Nc3 Nxe5 12. Bxb7 Qxd1 13. Rxd1 Rb8 14. Ba6 Rb6 15. Bb5+ c6 16. Be3 cxb5 17. Bxb6 axb6 18. cxb5 Nc4 19. Rac1 Nxb2 20. Rd6 Nc4 21. Rd3 Nxa3 22.
Ra1 Bxc3 23. Rxc3 Nxb5 24. Ra8+ Kd7 25. Rd3+ Nd6 26. Rxh8 h5 27. g3 Nf5 28. Kf1 b5 29. Rb8 Kc7 30. Rf8 Kc6 31. h3 b4 32. g4 hxg4 33. hxg4 Ne7 34. f3 Nd5 35. Rb8 Nc4 36. Rc8+ Nc7 37. Rf8 Ne5 38. Re3 Ne6 39. Rc8+ Kd5 40.
Rc1 Nc4 41. Rd1+ Kc5 42. Re4 b3 43. Rc1 b2 44. Rexc4+ Kd5 45. R4c2 bxc1=Q+ 46. Rxc1 Kd4 47. Kf2 Ke5 48. Re1+ Kf6 49. Kg3 Ng5 50. Ra1 Ne6 51. Ra6 Kg7 52. Kf2 Nc5 53. Rc6 Nd3+ 54. Ke3 Ne5 55.
Ra6 Nc4+ 56. Kd4 Nd2 57. Ke3 Nc4+ 58. Kf4 Nb2 59. Ra7 Nd3+ 60. Ke4 Nc5+ 61. Kd5 Ne6 62. Ke5 Nc5 63. Ra5 Nd3+ 64. Kd4 Ne1 65. Ke3 Nc2+ 66. Kd3 Ne1+ 67. Ke2 Ng2 68. Ra4 g5 69. Kf2 Nf4 70. Ke3 Nd5+ 71. Kd4 Ne7 72. Ra5 Kg6 73. Ra6+ f6 74.
Kc5 Ng8 75. Kd5 Ne7+ 76. Ke6 Nc8 77. Kd7 1-0

[Event "*** Titled Tuesday Blitz"]
[Site "Chess.com"]
[Date "2021.02.02"]
[Round "9"]
[White "Sibelephant"]
[Black "Beca95"]
[Result "0-1"]
[WhiteElo "3039"]
[BlackElo "2910"]
[TimeControl "180+1"]
[EndTime "11:48:16 PST"]
[Termination "Beca95 won by resignation"]

1. d4 Nf6 2. Nf3 e6 3. Bg5 h6 4. Bh4 d6 5. h3 g5 6. Bg3 Ne4 7. Bh2 f5 8. Nbd2 Nd7 9. Nxe4 fxe4 10. Nd2 Nf6 11. e3 Bg7 12. Bc4 O-O 13. O-O Kh8 14. c3 Bd7 15. Qb3 Qc8 16. f3 exf3 17. Rxf3 b5 18. Be2 Bc6 19. Rf2 Nd5 20. Bf3 Qd7 21.
Re1 Rae8 22. Qd1 Rf7 23. Qe2 Ref8 24. Ref1 a5 25. Ne4 a4 26. Qd2 Nb6 27. Qe2 Bd5 28. Nd2 Bxa2 29. h4 gxh4 30. Bg4 Rxf2 31. Rxf2 Rxf2 32.
Qxf2 Qe7 33. Nf3 Bf6 34. Bf4 Kg7 35. g3 e5 36. dxe5 dxe5 37. Bxe5 Bxe5 38. Nxh4 Be6 39. Qf3 Bf6 40. Ng2 Bg5 41. Nf4 Bxg4 42. Qxg4 Qxe3+ 43. Kg2 Qe4+ 44. Kh2 Kf7 45. Qh5+ Ke7 46. Nh3 Qc2+ 47.
Kh1 Qb1+ 48. Kg2 Qxb2+ 49. Nf2 Qxc3 50. Qe2+ Kd7 51. Qg4+ Kc6 52. Qe4+ Kd6 53. Qg6+ Kd7 54. Qf5+ Ke7 55. Qh7+ Kd8 56. Qg8+ Kd7 57. Qh7+ Be7 58.
Qf5+ Kd8 59. Ne4 Qc2+ 60. Kh3 Nc4 61. Qd5+ Nd6 62. Qg8+ Kd7 63. Qg4+ Kc6 64. Nf6 Kb6 65. Qf3 Ka5 66. Nd5 b4 67. Qe3 Qf5+ 68. Kh2 Qxd5 69. Qxe7 Kb5 70. Qxc7 Qc5 71. Qb8+ Kc4 72. Qg8+ Qd5 73.
Qb8 Ne4 74. Qa7 Nc5 75. Qh7 a3 76. Qc2+ Kb5 77. Qe2+ 0-1

[Event "*** Titled Tuesday Blitz"]
[Site "Chess.com"]
[Date "2021.02.02"]
[Round "9"]
[White "KeithArkell"]
[Black "Legendinunknown"]
[Result "0-1"]
[WhiteElo "2443"]
[BlackElo "2590"]
[TimeControl "180+1"]
[EndTime "11:48:25 PST"]
[Termination "Legendinunknown won on time"]

1. d4 Nf6 2. Nf3 g6 3. c4 Bg7 4. g3 O-O 5. Bg2 d6 6. O-O Nbd7 7. d5 a5 8. Nc3 Nc5 9. Be3 b6 10. Nd4 Bd7 11. h3 Qc8 12. Kh2 Rb8 13. Qd2 e5 14. dxe6 fxe6 15. Bh6 e5 16. Bxg7 Kxg7 17. Ndb5 Be6 18. b3 Rf7 19. Rad1 Qf8 20. e3 Ne8 21. Na7 Bd7 22. Nc6 Bxc6 23. Bxc6 Nf6 24. Bg2 h5 25.
Qc2 g5 26. a3 h4 27. gxh4 gxh4 28. Rg1 Kh8 29. Rdf1 Qh6 30. Nd5 Rg8 31. b4 axb4 32. axb4 Ne6 33. Nxf6 Rxf6 34. Bd5 Rgf8 35. Rg2 Ng5 36.
Rfg1 Nf3+ 37. Bxf3 Rxf3 38. Qe4 Rxf2 39. Qg4 Rxg2+ 40.
Rxg2 c6 41. b5 cxb5 42. cxb5 d5 43. Qd7 d4 44. Qe7 Qf6 45. Qxf6+ Rxf6 46. exd4 exd4 47. Rg4 Rd6 48. Rxh4+ Kg7 49. Rf4 d3 50. Rf1 Rd5 51. Rd1 Kf6 52. Kg3 Ke5 53. Kf2 Kd4 54. Rc1 Rxb5 55.
h4 Rf5+ 56. Kg3 d2 57. Rb1 Rb5 58. Rxb5 d1=Q 59. Rxb6 Qg1+ 60. Kf3 Qh1+ 61. Kg3 Qe1+ 62. Kg4 Qe4+ 63. Kg3 Qe5+ 64. Kg4 Qc5 65. Rf6 Ke3 66. Re6+ Kd3 67. h5 Qg1+ 68. Kf5 Qh2 69. Kg5 Qg3+ 70.
Kf5 Qh3+ 71. Kf6 Qxh5 72. Re5 Qh8+ 73. Ke6 Kd4 74. Rf5 Ke4 75. Ra5 Qh6+ 76. Ke7 Qh7+ 77.
Ke6 Qg8+ 78. Ke7 Qg7+ 79. Ke6 Kd4 80. Ra4+ Kc5 81. Rf4 Qg6+ 82. Rf6 Qe4+ 83. Kf7 Kd5 84. Kg7 Ke5 85. Kf7 Qh7+ 0-1

[Event "*** Titled Tuesday Blitz"]
[Site "Chess.com"]
[Date "2021.02.02"]
[Round "9"]
[White "Isajevsky_Anton"]
[Black "Sharpchess22"]
[Result "1-0"]
[WhiteElo "2548"]
[BlackElo "2677"]
[TimeControl "180+1"]
[EndTime "11:48:48 PST"]
[Termination "Isajevsky_Anton won by resignation"]

1. c4 e5 2. g3 Nf6 3. Bg2 Nc6 4. Nc3 Bb4 5. e4 a5 6. Nge2 d6 7. h3 Bc5 8. d3 h6 9. O-O O-O 10. Kh2 Nd4 11. Be3 c6 12. Bxd4 exd4 13. Nb1 Re8 14. Nd2 d5 15. cxd5 cxd5 16. Rc1 Bb6 17. Nf4 Be6 18. e5 Nd7 19. Nxe6 fxe6 20. f4 a4 21. Nf3 a3 22. b4 Qe7 23. Qb3 Kh8 24. Rc2 g5 25. f5 exf5 26. Qxd5 Nxe5 27. Nxe5 Qxe5 28. Rxf5 Qxd5 29. Bxd5 Re7 30. Be4 Kg7 31. Rcf2 Rd8 32. Rf6 Bc7 33. Rg6+ Kh8 34. Rxh6+ Kg8 35. Rf5 Rxe4 36.
dxe4 d3 37. Rf1 d2 38. Rd1 Kg7 39. Re6 Kf7 40. Rh6 Be5 41. Kg2 Bc3 42. Rh7+ Ke6 43. Rxb7 Rd3 44. h4 g4 45. Rc7 Be5 46. Rc6+ Ke7 47.
Rc2 Rxg3+ 48. Kf2 Rf3+ 49. Ke2 Bf4 50. Rcxd2 Bxd2 51. Rxd2 Rh3 52. Rd5 Rh2+ 53. Kd3 Rxa2 54. Rg5 Rg2 55. Ke3 a2 56. Ra5 Rb2 57. Kf4 Rxb4 58.
Rxa2 Kf6 59. Rg2 Rb1 60. Rxg4 Rf1+ 61. Kg3 Rg1+ 62. Kf3 Rf1+ 63. Ke2 Rh1 64. Ke3 Rh2 65. Rf4+ Ke6 66. Kf3 Rh1 67. Kg4 Rg1+ 68. Kh5 Ke5 69. Rg4 Ra1 70. Kg5 Ra8 71. h5 Rg8+ 72.
Kh4 Rh8 73. Rg7 Kf6 74. Rg6+ Kf7 75. Kg5 Re8 76. Kf5 Ra8 77. e5 Ra5 78. Rf6+ Ke7 79.
Rh6 Ra1 80. Rh7+ Kf8 81. Kf6 Rf1+ 82. Ke6 Ra1 83. h6 Ra6+ 84. Kf5 Kg8 85. Rg7+ Kh8 86. Rg6 Ra1 87. Rb6 Rf1+ 88. Kg6 Rg1+ 89. Kf6 Re1 90.
e6 Kh7 91. e7 Rf1+ 92. Ke6 Re1+ 93. Kd7 Rd1+ 94. Rd6 Re1 95. e8=Q Rxe8 96. Kxe8 Kg8 97. Ke7 Kh7 98. Re6 Kg8 99. Kd6 Kf7 100. Ke5 Kg8 101. Kf5 Kh7 102. Kg5 Kg8 103. Kg6 Kf8 104. Ra6 Ke7 105. h7 1-0

[Event "*** Titled Tuesday Blitz"]
[Site "Chess.com"]
[Date "2021.02.02"]
[Round "10"]
[White "eldur16"]
[Black "Shahaliyev"]
[Result "1/2-1/2"]
[WhiteElo "2529"]
[BlackElo "2720"]
[TimeControl "180+1"]
[EndTime "11:50:09 PST"]
[Termination "Game drawn by agreement"]

1. Nf3 d5 2. g3 c6 3. Bg2 Bf5 4. O-O Nd7 5. d3 e6 6. Nbd2 Ngf6 7. b3 Be7 8. Bb2 O-O 9. Re1 h6 10. e4 Nh7 11. exf5 exf5 12. c4 1/2-1/2

[Event "*** Titled Tuesday Blitz"]
[Site "Chess.com"]
[Date "2021.02.02"]
[Round "10"]
[White "sergiochess83"]
[Black "almo64"]
[Result "1/2-1/2"]
[WhiteElo "2852"]
[BlackElo "2751"]
[TimeControl "180+1"]
[EndTime "11:50:51 PST"]
[Termination "Game drawn by agreement"]

1. e4 c6 2. d4 d5 3. Nc3 dxe4 4.
Nxe4 Nf6 5. Nxf6+ exf6 6. c3 Bd6 7. Bd3 O-O 8. Ne2 Re8 9. O-O Qc7 10. Ng3 g6 11.
Re1 Be6 12. Bh6 Nd7 1/2-1/2

[Event "*** Titled Tuesday Blitz"]
[Site "Chess.com"]
[Date "2021.02.02"]
[Round "10"]
[White "Eternauta2400"]
[Black "FMOlexandrProhorov"]
[Result "1-0"]
[WhiteElo "2408"]
[BlackElo "2141"]
[TimeControl "180+1"]
[EndTime "11:51:16 PST"]
[Termination "Eternauta2400 won by resignation"]

1. c4 g6 2. Nc3 Bg7 3. g3 f5 4. Bg2 Nf6 5. d3 O-O 6. Nf3 d6 7. O-O e5 8. e4 Nc6 9. Bg5 h6 10. Bd2 Be6 11. Nd5 Qd7 12. Nxf6+ Rxf6 13. Qc1 Kh7 14.
Nh4 Raf8 15. f4 Nd4 16. fxe5 Ne2+ 17. Kh1 Nxc1 18. exf6 Bxf6 19. Raxc1 Bxh4 20. gxh4 fxe4 21. Rxf8 Bf5 22. Bc3 g5 23. h5 1-0

[Event "*** Titled Tuesday Blitz"]
[Site "Chess.com"]
[Date "2021.02.02"]
[Round "10"]
[White "ClauSanLuis"]
[Black "Boninknights"]
[Result "1-0"]
[WhiteElo "2388"]
[BlackElo "2470"]
[TimeControl "180+1"]
[EndTime "11:51:36 PST"]
[Termination "ClauSanLuis won by resignation"]

1. d4 Nf6 2. Bg5 Ne4 3. Bf4 c5 4. f3 Qa5+ 5. c3 Nf6 6. Nd2 Nd5 7.
Nb3 Qb6 8. dxc5 Qc6 9. Bd2 e6 10. e4 Nf6 11. Be3 Na6 12. Qd4 d6 13. cxd6 Bxd6 14. e5 1-0

[Event "*** Titled Tuesday Blitz"]
[Site "Chess.com"]
[Date "2021.02.02"]
[Round "10"]
[White "starplatinum2030"]
[Black "CzechmVIII"]
[Result "0-1"]
[WhiteElo "2093"]
[BlackElo "2274"]
[TimeControl "180+1"]
[EndTime "11:51:40 PST"]
[Termination "CzechmVIII won by resignation"]

1. e4 c5 2. Nf3 d6 3. d4 cxd4 4. Nxd4 Nf6 5. Nc3 g6 6. Be3 Bg7 7. f3 Nc6 8. Qd2 O-O 9. Bc4 Bd7 10. O-O-O Rc8 11. Bb3 Nxd4 12. Bxd4 b5 13. h4 a5 14.
a4 bxa4 15. Nxa4 Bxa4 16. Bxa4 Rc4 17. Bb3 Nxe4 18. Qe3 Rxd4 19. Rxd4 Ng3 20. Re1 Nf5 0-1

[Event "*** Titled Tuesday Blitz"]
[Site "Chess.com"]
[Date "2021.02.02"]
[Round "10"]
[White "Taran2004"]
[Black "onetowin"]
[Result "1-0"]
[WhiteElo "2159"]
[BlackElo "1992"]
[TimeControl "180+1"]
[EndTime "11:51:43 PST"]
[Termination "Taran2004 won by resignation"]

1. Nf3 b6 2. g3 Bb7 3. Bg2 e6 4. O-O Nf6 5. c4 d6 6. Nc3 Be7 7. d4 Nbd7 8. Re1 O-O 9. Qc2 Rb8 10. e4 e5 11. Be3 Re8 12. Rad1 exd4 13. Nxd4 Ne5 14.
b3 Bf8 15. h3 Bc8 16. f4 Ned7 17. Nc6 1-0

[Event "*** Titled Tuesday Blitz"]
[Site "Chess.com"]
[Date "2021.02.02"]
[Round "10"]
[White "Tekushka"]
[Black "andrewtnb"]
[Result "1-0"]
[WhiteElo "2442"]
[BlackElo "2294"]
[TimeControl "180+1"]
[EndTime "11:51:51 PST"]
[Termination "Tekushka won by resignation"]

1. e4 c6 2. d4 d5 3. Nd2 dxe4 4. Nxe4 Nf6 5. Nxf6+ exf6 6. c3 Be6 7. Bd3 Bd6 8.
Qc2 O-O 9. Bxh7+ Kh8 10. Bd3 Bd5 11. Nf3 Re8+ 12. Be3 Bf4 13. O-O-O Bxe3+ 14. fxe3 Bxf3 15. gxf3 Rxe3 16. Qf2 Qe7 17. Qh4+ 1-0

[Event "*** Titled Tuesday Blitz"]
[Site "Chess.com"]
[Date "2021.02.02"]
[Round "10"]
[White "YIYUKI"]
[Black "InitiatingASC"]
[Result "0-1"]
[WhiteElo "2238"]
[BlackElo "2397"]
[TimeControl "180+1"]
[EndTime "11:51:57 PST"]
[Termination "InitiatingASC won by resignation"]

1. d4 Nf6 2. c4 e6 3. Nc3 b6 4. e4 d6 5. Bd3 Nbd7 6. Nf3 c5 7. d5 exd5 8. cxd5 g6 9. O-O Bg7 10. h3 O-O 11. Bg5 a6 12. a4 Qc7 13. Re1 c4 14. Bc2 Nc5 15. e5 Ne8 16. exd6 Nxd6 17. Nd4 Bd7 18.
Qf3 Bxd4 0-1

[Event "*** Titled Tuesday Blitz"]
[Site "Chess.com"]
[Date "2021.02.02"]
[Round "10"]
[White "krasavetc"]
[Black "Sergey85Rodchenkov"]
[Result "0-1"]
[WhiteElo "2357"]
[BlackElo "2506"]
[TimeControl "180+1"]
[EndTime "11:52:00 PST"]
[Termination "Sergey85Rodchenkov won by resignation"]

1. e4 c5 2. c3 d5 3. exd5 Qxd5 4. d4 Nf6 5. Nf3 Nc6 6. Be2 cxd4 7. cxd4 Bg4 8. Nc3 Qa5 9. d5 O-O-O 10. O-O e6 11. Bd2 Nxd5 12. Qb3 Qb6 13. Bb5 Bxf3 14. gxf3 Kb8 15. Nxd5 Rxd5 16. Be3 Qxb5 0-1

[Event "*** Titled Tuesday Blitz"]
[Site "Chess.com"]
[Date "2021.02.02"]
[Round "10"]
[White "Julianos82"]
[Black "kakakz"]
[Result "1-0"]
[WhiteElo "2327"]
[BlackElo "2435"]
[TimeControl "180+1"]
[EndTime "11:52:25 PST"]
[Termination "Julianos82 won by resignation"]

1. d4 d6 2. Nf3 Nd7 3. c4 e5 4. Nc3 Ngf6 5. Bg5 Be7 6. Qc2 O-O 7. O-O-O c6 8. e3 a6 9. dxe5 dxe5 10. Nxe5 Qc7 11. Nxd7 Bxd7 12. Bd3 h6 13. Bh4 b5 14. Ne4 Qe5 15. Nxf6+ Bxf6 16. Bxf6 Qxf6 17. Bh7+ Kh8 18.
Rxd7 bxc4 19. Be4 Rab8 20. Rhd1 1-0

[Event "*** Titled Tuesday Blitz"]
[Site "Chess.com"]
[Date "2021.02.02"]
[Round "10"]
[White "MITerryble"]
[Black "mishanick"]
[Result "1/2-1/2"]
[WhiteElo "2940"]
[BlackElo "2911"]
[TimeControl "180+1"]
[EndTime "11:52:26 PST"]
[Termination "Game drawn by repetition"]

1. e4 c5 2. Nf3 d6 3. Bb5+ Nd7 4. d4 cxd4 5. Qxd4 a6 6. Bxd7+ Bxd7 7. Bg5 h6 8. Bh4 Rc8 9. O-O Bg4 10. Nbd2 e5 11. Bxd8 exd4 12. Bb6 Rxc2 13. Bxd4 Rc6 14. Rac1 Ne7 15.
Be3 Kd7 16. Nd4 Rxc1 17. Rxc1 Nc6 18. Nc4 Be6 19. Nb6+ Kc7 20. Nd5+ Kd7 21. Nb6+ Kc7 22. Nd5+ Kd7 23. Nb6+ 1/2-1/2

[Event "*** Titled Tuesday Blitz"]
[Site "Chess.com"]
[Date "2021.02.02"]
[Round "10"]
[White "Vusatiuk_Vladimir"]
[Black "DFeco"]
[Result "0-1"]
[WhiteElo "2379"]
[BlackElo "2275"]
[TimeControl "180+1"]
[EndTime "11:52:27 PST"]
[Termination "DFeco won by resignation"]

1. d4 d5 2. c4 c6 3. Nf3 Nf6 4. e3 Bf5 5. Bd3 Bg6 6. O-O e6 7. b3 Nbd7 8. Bb2 Bd6 9. Nc3 O-O 10. Qe2 Ne4 11. Nd2 f5 12. f4 Ndf6 13. Bxe4 Nxe4 14. Nf3 Bh5 15. Qd3 Qe7 16. Ne5 Bxe5 17. fxe5 g5 18. Nxe4 dxe4 19. Qc2 Bg6 20. a4 Qd7 21. Bc1 f4 22.
exf4 Qxd4+ 23. Kh1 Qxa1 0-1

[Event "*** Titled Tuesday Blitz"]
[Site "Chess.com"]
[Date "2021.02.02"]
[Round "10"]
[White "Arvids_Andrejevs"]
[Black "Michaelson_11"]
[Result "1-0"]
[WhiteElo "2403"]
[BlackElo "2283"]
[TimeControl "180+1"]
[EndTime "11:52:30 PST"]
[Termination "Arvids_Andrejevs won by resignation"]

1. e4 e6 2. d4 d5 3. Nd2 c5 4. exd5 exd5 5. Ngf3 Nc6 6. Bb5 Qe7+ 7. Qe2 Qxe2+ 8. Kxe2 a6 9. Bxc6+ bxc6 10. Re1 f6 11.
Kf1+ Kd7 12. Nb3 c4 13. Na5 Bb4 14. Bd2 Bd6 15. b3 cxb3 16. axb3 Ne7 17. c4 Kc7 18. c5 Rb8 19. cxd6+ Kxd6 20. Rxe7 1-0